 Dungeon Crawl Stone Soup version 0.31-a0-700-gf13585253f (webtiles) character file.

Game seed: 4653300005948561035

372 qw the Shooter (level 6, -3/38 HPs)
             Began as a Gargoyle Hunter on Sept 7, 2023.
             Slain by Menkaure (10 damage)
             ... on level 4 of the Dungeon.
             The game lasted 00:01:07 (2726 turns).

qw the Shooter (Gargoyle Hunter)                    Turns: 2726, Time: 00:01:07

Health: -3/38      AC: 10    Str: 15    XL:     6   Next: 71%
Magic:  6/6        EV: 11    Int:  9    God:
Gold:   228        SH:  0    Dex: 15    Spells: 5/5 levels left

rFire   . . .        Y - +0 shortbow
rCold   . . .        (shield currently unavailable)
rNeg    + . .        h - +0 ring mail
rPois   inf          (no helmet)
rElec   +            b - +0 cloak
rCorr   .            (no gloves)
SInv    .            (no boots)
Will    .....        (no amulet)
Stlth   +            (no ring)
HPRegen 0.26/turn    (no ring)
MPRegen 0.10/turn

%: no passive effects
@: about to teleport
A: sickness immunity, AC +4, negative energy resistance 1, electricity
resistance, torment resistance 1, petrification resistance
a: no special abilities


You were on level 4 of the Dungeon.
You visited 1 branch of the dungeon, and saw 4 of its levels.

You collected 228 gold pieces.


Innate Abilities, Weirdness & Mutations

You are immune to sickness and miasma.
Your stone body is resilient. (AC +4)
You are immune to poison.
You resist negative energy. (rN+)
You are resistant to electric shocks. (rElec)
You are resistant to unholy torment.
You are immune to petrification.


   Skills:
 - Level 4.0 Fighting
 + Level 7.0 Ranged Weapons
 - Level 1.0 Armour
 - Level 1.5 Dodging
 - Level 1.1 Stealth


You had 5 spell levels left.
You didn't know any spells.
Your spell library was empty.

Inventory:

Hand Weapons
 Y - a +0 shortbow (weapon)
Armour
 b - a +0 cloak (worn)
 h - a +0 ring mail (worn)
Scrolls
 a - 2 scrolls of teleportation
 c - a scroll of identify
Potions
 d - a potion of curing
 f - a potion of enlightenment {unknown}
 i - a potion of resistance {unknown}
 j - a potion of might
 k - a potion of brilliance {unknown}
 l - a potion of degeneration {unknown}

Dungeon Overview and Level Annotations

Branches:
Dungeon (4/15)
 Temple: D:4-7

Altars:
Ashenzari

Shops:
D:2 (

Annotations:
D:2 1 runed translucent door, Crazy Yiuf
D:4 Menkaure, Pikel


Message History

Your Ranged Weapons skill increases to level 7!
You start resting.
HP restored.
You open the door.
There is an open door here.
Menkaure, Prince of Dust comes into view.
Menkaure shouts!
You hear a shout!
Menkaure casts a spell.
Menkaure seems to speed up.
You shoot an arrow. The arrow barely misses Menkaure.
You shoot an arrow. The arrow barely misses Menkaure.
You shoot an arrow.
The arrow hits Menkaure but does no damage.
You shoot an arrow. The arrow barely misses Menkaure.
Menkaure barely misses you.
You shoot an arrow. The arrow hits Menkaure!
Menkaure is heavily damaged.
Menkaure barely misses you.
You shoot an arrow. The arrow barely misses Menkaure.
Menkaure hits you!
You shoot an arrow. The arrow hits Menkaure.
Menkaure is severely damaged.
Menkaure hits you!
Menkaure calls on the powers of darkness!
Your body is wracked with pain!
You shoot an arrow.
The arrow hits Menkaure but does no damage.
Menkaure is severely damaged.
Menkaure points at you and mumbles some strange words.
Pain shoots through your body!
You shoot an arrow. The arrow barely misses Menkaure.
Menkaure casts a spell at you. Pain shoots through your body!
Menkaure casts a spell at you. Pain shoots through your body!
2726 ||| READING 3 scrolls of teleportation.
As you read the scroll of teleportation, it crumbles to dust.
You feel strangely unstable. Menkaure hits you!
You die...

##'## #.#
#.# #.#
#.########
#.#
##.........
..#
##...#######
### #.....#
##...##
##..# ##@#
K.....M.#
#########


You could see Pikel (wandering) and Menkaure (fast).

Vanquished Creatures
  Sigmund (D:2)
  A lemure (D:4)
  A jelly (D:4)
  Jessica (D:2)
  4 gnolls (D:3)
  4 adders
  A worm (D:4)
  2 dart slugs
  5 orcs (D:3)
  4 bats
  5 endoplasms
  5 giant cockroaches
  7 goblins
  5 hobgoblins
  5 quokkas
  2 ball pythons
  A frilled lizard (D:1)
  7 kobolds
  7 rats
68 creatures vanquished.

Notes
Turn   | Place    | Note
-------+----------+-------------------------------------------
     0 | D:1      | qw the Gargoyle Hunter began the quest for the Orb.
     0 | D:1      | Reached XP level 1. HP: 12/12 MP: 1/1
     0 | D:1      | 0 ||| qw: Version: 0.3-a-76-g4403597
     0 | D:1      | 0 ||| qw: Game counter: 677
     0 | D:1      | 0 ||| qw: Melee chars always use a shield: true
     0 | D:1      | 0 ||| qw: God list: Okawaru
     0 | D:1      | 0 ||| qw: Allow faded altars: false
     0 | D:1      | 0 ||| qw: Do Orc after clearing Dungeon:15 true
     0 | D:1      | 0 ||| qw: Do second Lair branch before Depths: true
     0 | D:1      | 0 ||| qw: Lair rune preference: random
     0 | D:1      | 0 ||| qw: Goals: Normal
     0 | D:1      | 0 ||| PLANNING D:1-11
   204 | D:1      | Reached XP level 2. HP: 17/17 MP: 2/2
   789 | D:1      | Reached XP level 3. HP: 21/21 MP: 3/3
   871 | D:1      | 871 ||| UPGRADING to +0 ring mail.
   881 | D:1      | 881 ||| DROPPING +0 leather armour.
   882 | D:1      | 882 ||| READING 3 scrolls labelled FOARYMEAWE.
   885 | D:1      | 885 ||| READING scroll labelled MERPHYO RICUSY.
   886 | D:1      | 886 ||| DROPPING scroll of butterflies.
   929 | D:2      | Found Perho's Weapon Shop.
   953 | D:2      | Found a broken altar of Ashenzari.
  1059 | D:2      | Reached skill level 1 in Armour
  1071 | D:2      | Reached skill level 5 in Ranged Weapons
  1099 | D:2      | Noticed Jessica
  1100 | D:2      | Noticed Sigmund
  1102 | D:2      | 1102 ||| RETREATING.
  1105 | D:2      | 1105 ||| RETREATING.
  1115 | D:2      | 1115 ||| RETREATING.
  1122 | D:2      | Killed Jessica
  1123 | D:2      | Reached skill level 3 in Fighting
  1123 | D:2      | Reached XP level 4. HP: 16/28 MP: 4/4
  1129 | D:2      | Killed Sigmund
  1130 | D:2      | Reached skill level 6 in Ranged Weapons
  1130 | D:2      | Reached XP level 5. HP: 12/32 MP: 5/5
  1260 | D:2      | Found a runed translucent door.
  1261 | D:2      | Noticed Crazy Yiuf
  1360 | D:2      | Reached XP level 6. HP: 37/37 MP: 6/6
  1553 | D:2      | 1553 ||| DROPPING ring of wizardry.
  1554 | D:2      | 1554 ||| READING 2 scrolls labelled SAOBET TOCHUF.
  1555 | D:2      | 1555 ||| READING scroll labelled DUWUEN ANUFASU.
  1556 | D:2      | 1556 ||| DRINKING 2 fuming yellow potions.
  1557 | D:2      | 1557 ||| DRINKING 2 blue potions.
  1679 | D:3      | Found a faded altar of an unknown god.
  1829 | D:3      | 1829 ||| Stepping ~*~*~tactically~*~*~ (outnumbered).
  1831 | D:3      | 1831 ||| Stepping ~*~*~tactically~*~*~ (outnumbered).
  1833 | D:3      | 1833 ||| Stepping ~*~*~tactically~*~*~ (outnumbered).
  2312 | D:3      | 2312 ||| UPGRADING to +0 cloak.
  2317 | D:3      | 2317 ||| READING scroll labelled GOSUCINYTZ.
  2318 | D:3      | 2318 ||| DRINKING 2 murky amethyst potions.
  2482 | D:4      | Noticed Pikel
  2483 | D:4      | 2483 ||| RETREATING.
  2502 | D:4      | HP: 5/38 [Pikel/+2 whip of electrocution (7)]
  2503 | D:4      | 2503 ||| READING 3 scrolls of teleportation.
  2504 | D:4      | 2504 ||| DRINKING potion of heal wounds.
  2687 | D:4      | Reached skill level 7 in Ranged Weapons
  2716 | D:4      | Noticed Menkaure
  2725 | D:4      | HP: 6/38 [Menkaure/nerve-wracking pain (4)]
  2726 | D:4      | 2726 ||| READING 3 scrolls of teleportation.
  2726 | D:4      | Slain by Menkaure

Levels and vault maps discovered:
D:1:      kilobyte_arrival_exit_the_forest, layout_basic
D:2:      layout_basic, basic_altar, serial_shops, nicolae_shop_statue_plus,
          uniq_crazy_yiuf_cottage, uniq_jessica, uniq_sigmund
D:3:      layout_basic, shapermc_ecumenical_altar_pompeii
D:4:      layout_loops_corners, minmay_temple_entry_proselytizer, uniq_menkaure,
          uniq_grinder, uniq_pikel

Skill      XL: |  1  2  3  4  5  6 |
---------------+-------------------+-----
Armour         | 1 |  1.0
Ranged Weapons | 5 6 7 |  7.0
Fighting       | 3 4 |  4.0
Dodging        | |  1.5
Stealth        | |  1.1

Action                     |  1- 3 |  4- 6 || total
---------------------------+-------+-------++-------
   Fire: Shortbow          |    93 |   182 ||   275
    Use: Scroll            |     2 |     5 ||     7
         Potion            |       |     4 ||     4
 Armour: Leather armour    |    12 |       ||    12
         Ring mail         |     7 |    84 ||    91
  Dodge: Dodged            |    21 |    62 ||    83

Table legend:
 A = Non-vault XP
 B = Vault XP
 C = Vault XP percentage of total XP
 D = Non-vault monster count
 E = Vault monster count
 F = Vault count percentage of total count
                 A         B        C        D         E       F
            +---------+---------+-------+---------+---------+-------
      Total |     269 |     263 |  49.4 |      65 |       2 |   3.0
            +---------+---------+-------+---------+---------+-------
        D:1 |      37 |       0 |   0.0 |      21 |       0 |   0.0
        D:2 |      32 |     263 |  89.2 |      12 |       2 |  14.3
        D:3 |     115 |       0 |   0.0 |      26 |       0 |   0.0
        D:4 |      85 |       0 |   0.0 |       6 |       0 |   0.0
            +---------+---------+-------+---------+---------+-------
